 Dungeon Crawl Stone Soup version 0.23-b1-6-ga921848b48 (webtiles) character file.

Game seed: 17895865971265173068

18394 KamiKatze the Grappler (level 12, 0/103 HPs)
             Began as a Ghoul Fighter on Feb 1, 2019.
             Was a Priest of Makhleb.
             Slain by a seven-headed hydra (12 damage)
             ... on level 4 of the Lair of Beasts.
             The game lasted 00:54:12 (11144 turns).

KamiKatze the Grappler (Ghoul Fighter)             Turns: 11144, Time: 00:54:15

Health: 0/103      AC: 18    Str: 24 (25) XL:     12   Next: 58%
Magic:  16/16      EV:  9    Int:  2 (5)  God:    Makhleb [***...]
Gold:   641        SH: 15    Dex:  7 (10) Spells: 11/11 levels left

rFire    . . .     SeeInvis +     - Unarmed
rCold    + + .     Gourm    .   b - +1 shield
rNeg     + + +     Faith    .   n - +2 chain mail {rC+}
rPois    ∞         Spirit   .   P - +2 hat {SInv}
rElec    .         Reflect  +   (no cloak)
rCorr    .         Harm     .   (no gloves)
MR       .....                  x - +2 pair of boots
Stlth    ..........             y - +3 amulet of reflection
HPRegen  0.00/turn              o - +2 ring of dexterity
MPRegen  0.15/turn              F - +2 ring of intelligence

@: rotting
A: rotting body, claws 1, carnivore, cold resistance 1, negative energy
resistance 3, inhibited regeneration, torment resistance, unbreathing
a: Minor Destruction, Lesser Servant of Makhleb, Renounce Religion


You were on level 4 of the Lair of Beasts.
You worshipped Makhleb.
Makhleb was most pleased with you.
You were not hungry.

You visited 3 branches of the dungeon, and saw 14 of its levels.

You collected 641 gold pieces.

Inventory:

Hand Weapons
 t - a +3 whip of venom
Missiles
 j - 246 stones
 s - 5 tomahawks (quivered)
Armour
 b - a +1 shield (worn)
 n - a +2 chain mail of cold resistance (worn)
 x - a +2 pair of boots (worn)
 B - a +0 pair of gloves
 P - a +2 hat of see invisible (worn)
Jewellery
 o - a +2 ring of dexterity (left claw)
 y - a +3 amulet of reflection (around neck)
 F - a +2 ring of intelligence (right claw)
 H - an uncursed ring of magical power
 N - an uncursed ring of ice
Wands
 D - a wand of paralysis (3)
 I - a wand of acid (6)
 M - a wand of clouds (4)
Scrolls
 a - a scroll of magic mapping {unknown}
 c - a scroll of fog {unknown}
 h - 3 scrolls of enchant weapon
 i - 2 scrolls of fear {unknown}
 k - 3 scrolls of enchant armour
 l - 4 scrolls of teleportation
 r - 6 scrolls of remove curse
 C - a scroll of silence
 G - a scroll of summoning {unknown}
 O - a scroll of torment {unknown}
Potions
 e - a potion of flight
 f - 2 potions of haste
 g - a potion of heal wounds
 m - 7 potions of brilliance
 p - 2 potions of invisibility
 q - a potion of berserk rage {unknown}
 u - a potion of resistance
 w - a potion of degeneration
 z - a potion of curing
 A - a potion of mutation {unknown}
 E - a potion of might
 L - a potion of agility {unknown}
Miscellaneous
 K - a box of beasts
Comestibles
 d - 32 rations
 v - 2 chunks of flesh


   Skills:
 + Level 8.8 Fighting
 + Level 8.8 Armour
 + Level 6.0 Dodging
 + Level 8.8 Shields
 * Level 11.7 Unarmed Combat
 * Level 7.2 Invocations


You had 11 spell levels left.
You didn't know any spells.
Your spell library contained the following spells:

 Spells                   Type           Power        Failure   Level  Hunger
 Magic Dart               Conj           #...         100%        1    ##.....
 Blink                    Tloc           N/A          100%        2    ###....
 Call Imp                 Summ           #.......     100%        2    ###....
 Shroud of Golubria       Chrm/Tloc      #.........   100%        2    ###....
 Slow                     Hex            #.......     100%        2    ###....
 Conjure Flame            Conj/Fire      #.......     100%        3    ####...
 Gell's Gravitas          Tloc           #.........   100%        3    ####...
 Lesser Beckoning         Tloc           #.........   100%        3    ####...
 Mephitic Cloud           Conj/Pois/Air  #.......     100%        3    ####...
 Teleport Other           Tloc           #.......     100%        3    ####...
 Passage of Golubria      Tloc           N/A          100%        4    #####..


Dungeon Overview and Level Annotations

Branches:
Dungeon (9/15)             Temple (1/1) D:5            Lair (4/6) D:9
 Shoals (0/4) Lair:2        Snake (0/4) Lair:4
    Orc: D:9-12

Altars:
Ashenzari
Cheibriados
Dithmenos
Elyvilon
Fedhas
Gozag
Hepliaklqana
Kikubaaqudgha
Makhleb
Nemelex Xobeh
Okawaru
Qazlal
Ru
Sif Muna
Trog
Uskayaw
Vehumet
Wu Jian
Xom
Yredelemnul
Zin
The Shining One
Lugonu

Annotations:
D:3 1 runed translucent door, Crazy Yiuf
D:9 1 exclusion
Lair:4 1 transporter


Innate Abilities, Weirdness & Mutations

Your body is rotting away.
You thrive on raw meat.
You are immune to poison.
You have sharp fingernails.
You are carnivorous and can eat meat at any time.
Your flesh is cold resistant. (rC+)
You are immune to negative energy. (rN+++)
You do not regenerate when monsters are visible.
You are immune to unholy pain and torment.
You can survive without breathing.


Message History

The seven-headed hydra bites you but does no damage.
The seven-headed hydra bites you.
* * * LOW HITPOINT WARNING * * *
The seven-headed hydra bites you!
* * * LOW HITPOINT WARNING * * *
The seven-headed hydra bites you but does no damage.
The seven-headed hydra barely misses you.
The seven-headed hydra bites you but does no damage.
The seven-headed hydra bites you.
* * * LOW HITPOINT WARNING * * *
Unknown command.
Okay, then.
You feel much better. The seven-headed hydra bites you!
* * * LOW HITPOINT WARNING * * *
The seven-headed hydra bites you.
* * * LOW HITPOINT WARNING * * *
You block the seven-headed hydra's attack.
The seven-headed hydra bites you but does no damage.
The seven-headed hydra bites you!
You die...

##. ## P. #○ #. #.
##.###### ## #○
####P.P....#...# #.
......%......... #○
.PP.....@# P#P##..D# ######
#....###≈##.###
##...#.≈≈≈≈≈..## ##
##...≈≈≈≈≈≈≈≈.≈# #.
###....≈≈≈≈..≈≈≈.#####.
P###..?.≈≈≈≈..P..≈≈≈......
.........≈≈≈.....≈.≈≈≈.....
.....(....≈≈...>...≈≈......


You could see a seven-headed hydra.

Vanquished Creatures
  Gastronok (Lair:1)
  Nergalle (Lair:2)
  Pikel (D:5)
  2 black mambas (Lair:3)
  A merfolk siren (Lair:2)
  4 spiny frogs
  A rime drake (Lair:3)
  2 komodo dragons
  Grinder (D:3)
  Prince Ribbit (Lair:2)
  A hornet (D:9)
  3 hippogriffs
  11 blink frogs
  Sigmund (D:4)
  A spriggan (D:8)
  2 wyverns
  25 yaks
  4 fire bats (D:9)
  2 nagas (Lair:4)
  Edmund (D:4)
  Menkaure (D:4)
  4 water moccasins
  A hell hound (D:9)
  Duvessa (D:4)
  An orc warrior (D:9)
  2 sky beasts
  6 porcupines
  A black bear (D:8)
  6 ogres
  2 phantoms
  A centaur (D:6)
  2 crocodiles (Lair:1)
  10 bullfrogs
  Dowan (D:4)
  4 scorpions
  2 howler monkeys
  4 crimson imps
  A quasit (D:9)
  2 centaur zombies
  2 hounds
  An orc priest (D:3)
  A centaur skeleton (D:9)
  2 jellies
  A bullfrog skeleton (D:8)
  2 iguanas
  3 orc wizards
  A worker ant (D:4)
  Natasha (D:3)
  A hound skeleton (D:5)
  3 hound zombies
  9 adders
  A shadow imp (D:5)
  An ooze (D:2)
  2 worms (D:3)
  An adder skeleton (D:4)
  3 dart slugs
  4 leopard geckos
  21 orcs
  8 giant cockroaches
  6 goblins
  8 hobgoblins
  6 jackals
  4 kobolds
  3 quokkas
  4 bats
  4 frilled lizards
  A giant cockroach zombie (D:5)
  2 quokka skeletons
  5 rats
229 creatures vanquished.

Vanquished Creatures (others)
  Sonja (Lair:3)
  A fire vortex (D:9)
  3 fungi
  3 plants
8 creatures vanquished.

Grand Total: 237 creatures vanquished

Notes
Turn   | Place    | Note
-------+----------+-------------------------------------------
     0 | D:1      | KamiKatze the Ghoul Fighter began the quest for the Orb.
     0 | D:1      | Reached XP level 1. HP: 19/19 MP: 0/0
   104 | D:1      | Reached XP level 2. HP: 23/26 MP: 1/1
   582 | D:2      | Found a deep blue altar of Sif Muna.
   585 | D:2      | Reached XP level 3. HP: 31/31 MP: 2/2
   773 | D:2      | Reached skill level 3 in Unarmed Combat
  1258 | D:3      | Reached XP level 4. HP: 40/40 MP: 3/3
  1338 | D:3      | Found a shadowy altar of Dithmenos.
  1513 | D:3      | Found a radiant altar of Vehumet.
  1561 | D:3      | Reached XP level 5. HP: 45/46 MP: 4/4
  1575 | D:3      | Noticed Grinder
  1575 | D:3      | Paralysed by Grinder for 7 turns
  1605 | D:3      | Killed Grinder
  1605 | D:3      | Reached skill level 1 in Dodging
  1605 | D:3      | Reached skill level 4 in Unarmed Combat
  1605 | D:3      | Reached XP level 6. HP: 41/52 MP: 5/5
  1821 | D:3      | Noticed Natasha
  1837 | D:3      | Killed Natasha
  1998 | D:3      | Found a runed translucent door.
  1999 | D:3      | Noticed Crazy Yiuf
  2334 | D:4      | Reached XP level 7. HP: 39/60 MP: 6/6
  2495 | D:4      | Noticed Dowan
  2514 | D:4      | Killed Dowan
  2628 | D:4      | Noticed Menkaure
  2633 | D:4      | Noticed Sigmund
  2651 | D:5      | Entered Level 5 of the Dungeon
  2684 | D:5      | Found a staircase to the Ecumenical Temple.
  2693 | Temple   | Entered the Ecumenical Temple
  2780 | D:5      | Reached skill level 5 in Unarmed Combat
  3012 | D:5      | Reached XP level 8. HP: 63/67 MP: 7/7
  3080 | D:4      | Killed Menkaure
  3080 | D:4      | Reached skill level 5 in Armour
  3103 | D:4      | Noticed Edmund
  3104 | D:4      | Noticed Duvessa
  3120 | D:4      | Killed Duvessa
  3120 | D:4      | Reached skill level 5 in Shields
  3126 | D:4      | Killed Edmund
  3126 | D:4      | Reached skill level 5 in Fighting
  3494 | D:4      | Killed Sigmund
  3494 | D:4      | Reached skill level 6 in Unarmed Combat
  4027 | D:5      | Found a sacrificial altar of Ru.
  4052 | D:5      | Noticed Pikel
  4062 | D:5      | Killed Pikel
  4062 | D:5      | Reached skill level 7 in Unarmed Combat
  4062 | D:5      | Reached XP level 9. HP: 73/74 MP: 8/8
  4345 | D:5      | Found a burning altar of Makhleb.
  4345 | D:5      | Found an ancient bone altar of Kikubaaqudgha.
  4352 | D:5      | Became a worshipper of Makhleb the Destroyer
  4402 | D:5      | Found an ornate altar of the Wu Jian Council.
  4732 | D:6      | Found a hazy altar of Hepliaklqana.
  4886 | D:6      | Found a shattered altar of Ashenzari.
  5164 | D:7      | Upgraded the game from 0.23-b1-3-gdda8187c6f to
                  | 0.23-b1-6-ga921848b48
  5283 | D:7      | Noticed an angel
  5297 | D:7      | Found a shimmering altar of Xom.
  5297 | D:7      | Found a glowing silver altar of Zin.
  6314 | D:8      | Found a sparkling altar of Nemelex Xobeh.
  6443 | D:8      | Found an iron altar of Okawaru.
  6467 | D:9      | Found a glowing golden altar of the Shining One.
  6493 | D:9      | Reached * piety under Makhleb
  6534 | D:9      | Reached skill level 8 in Unarmed Combat
  6534 | D:9      | Reached XP level 10. HP: 73/83 MP: 9/9
  6866 | D:9      | Reached skill level 1 in Invocations
  7083 | D:9      | Reached skill level 9 in Unarmed Combat
  7178 | D:9      | Found a staircase to the Lair.
  7369 | D:9      | Reached ** piety under Makhleb
  7448 | D:9      | Reached XP level 11. HP: 92/92 MP: 12/12
  7752 | D:9      | Reached skill level 5 in Dodging
  7862 | Lair:1   | Entered Level 1 of the Lair of Beasts
  8184 | Lair:1   | Noticed Gastronok
  8260 | Lair:1   | Reached skill level 10 in Unarmed Combat
  8575 | Lair:1   | Killed Gastronok
  9064 | Lair:2   | Reached skill level 5 in Invocations
  9390 | Lair:2   | Noticed Prince Ribbit
  9462 | Lair:2   | Killed Prince Ribbit
  9462 | Lair:2   | Reached skill level 11 in Unarmed Combat
  9462 | Lair:2   | Reached XP level 12. HP: 102/102 MP: 15/15
  9553 | Lair:2   | Noticed Nergalle
  9586 | Lair:2   | Killed Nergalle
  9694 | Lair:2   | You fall through a shaft!
  9788 | Lair:2   | Found a staircase to the Shoals.
  9980 | Lair:3   | Noticed Sonja
 10002 | Lair:3   | Reached *** piety under Makhleb
 10043 | Lair:3   | Killed Sonja
 11025 | Lair:4   | Found a transporter.
 11105 | Lair:4   | Found a staircase to the Snake Pit.
 11120 | Lair:4   | Noticed a seven-headed hydra
 11143 | Lair:4   | HP: 2/103 [seven-headed hydra (6)]
 11144 | Lair:4   | Slain by a seven-headed hydra

Skill      XL: |  1  2  3  4  5  6  7  8  9 10 11 12 |
---------------+-------------------------------------+-----
Shields        | 3 4 6 7 8 |  8.8
Armour         | 3 4 6 7 8 |  8.8
Unarmed Combat | 3 4 5 7 8 9 11 | 11.7
Fighting       | 4 5 6 7 8 |  8.8
Dodging        | 1 2 3 4 5 6 |  6.0
Invocations    | 2 5 7 |  7.2

Action                   |  1- 3 |  4- 6 |  7- 9 | 10-12 || total
-------------------------+-------+-------+-------+-------++-------
Melee: Unarmed           |   114 |   105 |   399 |   827 ||  1445
Throw: Stone             |     5 |     9 |       |     1 ||    15
       Tomahawk          |       |       |     9 |    29 ||    38
       Throwing net      |       |       |       |     1 ||     1
Invok: Minor Destruction |       |       |       |     3 ||     3
  Use: Scroll            |       |     2 |     9 |     3 ||    14
       Potion            |       |       |     2 |     7 ||     9
  Eat: Chunk             |    13 |    16 |    48 |    75 ||   152
Armor: Scale mail        |    33 |    18 |    33 |       ||    84
       Chain mail        |       |       |   111 |   258 ||   369
Dodge: Dodged            |    23 |    18 |    79 |   199 ||   319
Block: Shield            |    44 |    24 |   184 |   582 ||   834
       Reflection        |       |       |       |     6 ||     6
